 Dungeon Crawl Stone Soup version 0.15-a0-348-gfef1ba5 (webtiles) character file.

221897 MrRokkomies the Earth Mage (level 19, -4/112 HPs)
             Began as a Gargoyle Earth Elementalist on Apr 28, 2014.
             Was the Champion of Ashenzari.
             Slain by a greater naga
             ... wielding a +1,+1 flail of protection
              (9 damage)
             ... on Level 5 of the Snake Pit on May 2, 2014.
             The game lasted 04:11:49 (56139 turns).

MrRokkomies the Earth Mage (GrEE)                  Turns: 56139, Time: 04:11:51

HP  -4/112       AC 28     Str 14      XL: 19   Next: 15%
MP  19/34        EV 23     Int 25      God: Ashenzari [******]
Gold 2181        SH 13     Dex 14      Spells: 11 memorised,  0 levels left

rFire  . . .     SeeInvis +     K - +6,+3 eveningstar (flame) (curse)
rCold  + . .     Clarity  +     S - +3 leather armour {rC+} (curse)
rNeg   + . .     Conserve .     b - +2 buckler (curse)
rPois  +         rCorr    +     D - +0 helmet (curse)
rElec  +         rRot     +     g - +0 cloak (curse)
SustAb . .       Spirit   .     h - +1 pair of gloves {Str+3} (curse)
rMut   .         Warding  .     Q - +2 pair of boots {Stlth+} (curse)
Saprov . . .     Stasis   .     T - cursed amulet of resist corrosion
MR     +....                    I - cursed +4 ring of dexterity
                                r - ring of teleport control

@: flying, very slightly contaminated, slowed, constricted, very slow, somewhat
resistant to hostile enchantments, fairly stealthy
A: able to fly continuously, large and strong wings, life protection 1,
electricity resistance, unbreathing, petrification resistance, AC +13
a: Stop Flying, Scrying, Transfer Knowledge, Renounce Religion, Evoke Teleport
Control
}: 1/15 runes: decaying


You were on level 5 of the Snake Pit.
You worshipped Ashenzari.
Ashenzari was exalted by your worship.
You were not hungry.

You visited 7 branches of the dungeon, and saw 39 of its levels.
You also visited: Labyrinth.

You collected 3190 gold pieces.
You spent 1009 gold pieces at shops.

Inventory:

Hand weapons
 K - a cursed +6,+3 eveningstar of flaming (weapon)
Armour
 b - a cursed +2 buckler (worn)
 g - a cursed +0 cloak (worn)
 h - a cursed +1 pair of gloves of strength (worn)
 D - a cursed +0 helmet (worn)
 Q - a cursed +2 pair of boots of stealth (worn)
 S - a cursed +3 leather armour of cold resistance (worn)
Magical devices
 a - a wand of frost (9)
 o - a wand of heal wounds (1)
 q - a wand of disintegration (6)
 E - a wand of digging (14)
 P - a wand of lightning (1)
 X - a wand of cold (6)
Comestibles
 t - 6 meat rations
Scrolls
 c - 2 scrolls of teleportation
 f - 2 scrolls of remove curse
 i - 2 scrolls of magic mapping
 l - 2 scrolls of vulnerability
 s - a scroll of fog
 v - 2 scrolls of recharging
 C - 2 scrolls of fear
 O - 4 scrolls of immolation
 V - 4 scrolls of identify
 Y - a scroll of summoning
 Z - 2 scrolls of blinking
Jewellery
 m - an uncursed ring of protection from fire
 r - a ring of teleport control (left hand)
 x - an uncursed ring of protection from magic
 y - an uncursed amulet of stasis
 I - a cursed +4 ring of dexterity (right hand)
 T - a cursed amulet of resist corrosion (around neck)
 W - an uncursed amulet of warding
Potions
 k - 3 potions of haste
 n - a potion of brilliance
 u - 2 potions of agility
 w - 7 potions of curing
 z - a potion of magic
 J - a potion of might
 L - 3 potions of berserk rage
 R - a potion of heal wounds
 U - a potion of invisibility
Books
 F - a book of Wizardry

   Spells                             Type                      Level
   Summon Elemental                   Summoning                    4
   Agony                              Necromancy                   5
   Force Lance                        Conjuration                  5
   *Haste                             Charms                       6
   Invisibility                       Hexes                        6
   Spellforged Servitor               Conjuration/Summoning        7
Miscellaneous
 j - a plain deck of changes {the Elixir}
 B - a legendary deck of changes {the Minefield}
 H - a lamp of fire
 N - a fan of gales


   Skills:
 * Level 10.1 Fighting
 - Level 14.5(18.5) Maces & Flails
 * Level 7.4 Armour
 - Level 15.0(19.0) Dodging
 - Level 2.1(5.5) Stealth
 - Level 3.1(5.7) Shields
 - Level 8.9 Spellcasting
 - Level 10.0(12.8) Conjurations
 - Level 11.5(14.2) Charms
 - Level 0.7(2.2) Transmutations
 - Level 3.0(5.6) Air Magic
 - Level 16.3(18.8) Earth Magic


You couldn't memorise any spells.
You knew the following spells:

 Your Spells              Type           Power        Failure   Level  Hunger
a - Sandblast             Erth           ######       0%          1    None
b - Stoneskin             Trmt/Erth      ######....   1%          2    None
c - Stone Arrow           Conj/Erth      ######       1%          3    None
d - Passwall              Trmt/Erth      ######....   1%          3    None
e - Lee's Rapid Deconstr  Erth           #######...   1%          5    ####...
f - Blink                 Tloc           N/A          10%         2    None
g - Shroud of Golubria    Chrm/Tloc      #####.....   1%          2    None
h - Summon Butterflies    Summ           ##......     6%          1    None
i - Petrify               Trmt/Erth      ######..     1%          4    ##.....
j - Deflect Missiles      Chrm/Air       ######....   17%         6    ######.
k - Haste                 Chrm           ######..     2%          6    ######.


Dungeon Overview and Level Annotations

Branches:
Dungeon (15/15)            Temple (1/1) D:6             Orc (4/4) D:11
    Elf (0/3) Orc:3          Lair (8/8) D:10          Swamp (5/5) Lair:4
  Snake (5/5) Lair:3        Slime (0/6) Lair:8       Vaults (0/5) D:14
 Depths (1/5) D:15

Altars:
Ashenzari
Cheibriados
Dithmenos
Elyvilon
Fedhas
Kikubaaqudgha
Makhleb
Nemelex Xobeh
Okawaru
Sif Muna
Trog
Vehumet
Xom
Yredelemnul
Zin
The Shining One
Beogh

Shops:
D:11 [   D:13 *   Orc:4 ?!%!   Snake:2 (

Annotations:
D:3 SkaryMonk's ghost, average DEFE
Snake:1 4 exclusions, Asterion
Depths:1 Sojobo


Innate Abilities, Weirdness & Mutations

You are resistant to torment.
You are immune to poison.
You are immune to rotting.
You can fly continuously.
Your stone body is very resilient (AC +13).
Your wings are large and strong.
You resist negative energy.
You are resistant to electric shocks.
You can survive without breathing.
You are immune to petrification.


Message History

The greater naga hits you with a flail of protection!
* * * LOW HITPOINT WARNING * * *
The greater naga constricts you. The lindwurm misses you.
You block the lindwurm's attack. The lindwurm misses you.
The guardian serpent casts a spell at you.
You easily resist.
Read which item? (? for menu, Esc to quit)
As you read the scroll of fear, it crumbles to dust.
You assume a fearsome visage.
The guardian serpent looks frightened!
The greater naga is unaffected.
The lindwurm looks frightened!
The guardian serpent looks frightened!
The greater naga gestures at you while chanting.
The poison arrow hits you! You partially resist.
* * * LOW HITPOINT WARNING * * *
The greater naga constricts you. The lindwurm breathes flames at you.
The blast of flame hits you!
* * * LOW HITPOINT WARNING * * *
The greater naga hits you with a flail of protection!
You die...

#* ####.###.%##.#..# ##....
{*#####..##(###....## ###..###
.########k(####.###.######...##
..###...{#(###..####.........#
§.##.N...##§...#########...#####
§§#.......#{%.############## #.#
≈...k.....#Sk§############# #.#
§.#)......##..############## #.#
§§##.....###....@...##########.#
)##'#...##.....Nk##[.#########.#
.*..'#####+#....####'#########.#
##...#§§§..#....####.#########.#
*...##≈§§..#..#####...########.#
,,,##≈≈≈..##..#(..))...#######.#
,,*#≈≈≈..##...#)<.%%....'.####.##
,*#≈§≈..##....#(.((((.(##.#####.#
**≈≈≈..##.....######).##..### #.#


You could see a greater naga, a lindwurm (fleeing) and a guardian serpent
(fleeing).

Vanquished Creatures
  Norris (Swamp:5)
  3 thorn hunters
  Donald (Swamp:4)
  A greater naga (Snake:5)
  Louise (Swamp:5)
  A stone giant (Orc:4)
  Snorg (Lair:4)
  An ettin (D:15)
  A minotaur (Lab)
  Fannar (D:11)
  An ogre mage (D:15)
  10 naga warriors
  Harold (Lair:6)
  28 hydras
  5 shambling mangroves
  11 anacondas
  3 tengu warriors
  10 naga sharpshooters
  5 alligators
  10 death yaks
  3 orc high priests (Orc:4)
  Urug (Orc:3)
  10 shock serpents
  A hell knight (D:15)
  Nergalle (Lair:1)
  2 deep elf knights
  Erolcha (Orc:3)
  A catoblepas (Lair:6)
  An iron troll (Orc:4)
  2 centaur warriors
  8 swamp dragons
  3 salamander mystics
  4 unseen horrors
  A ball lightning (Snake:1)
  3 spriggan druids
  8 hill giants
  A lindwurm (Lair:8)
  Pikel (D:9)
  10 mana vipers
  5 orc knights (Orc:4)
  Joseph (Orc:1)
  9 naga ritualists
  A lindwurm (shapeshifter) (D:14)
  A red wasp (Swamp:1)
  7 griffons
  A wizard (D:15)
  4 salamanders
  2 wolf spiders (Lair:8)
  4 orc sorcerers (Orc:4)
  42 black mambas
  3 cyclopes (D:15)
  Maurice (D:11)
  26 elephants
  6 guardian serpents
  2 manticores
  17 naga magi
  A queen ant (D:13)
  A spiny frog (shapeshifter) (D:14)
  Psyche (D:11)
  14 spiny frogs
  An efreet (D:14)
  A feature mimic (D:12)
  5 gargoyles
  3 kobold demonologists
  7 komodo dragons
  2 fire drakes
  4 tengu conjurers
  5 giant fireflies
  7 trolls
  A hydra zombie (D:10)
  A minotaur zombie (Lab)
  25 blink frogs
  Sonja (Orc:2)
  2 polar bears (Lair:5)
  5 two-headed ogres
  7 giant leeches
  7 bog bodies
  7 slime creatures
  3 baby alligators (Swamp:5)
  A removed MONS_GRIZZLY_BEAR (Lair:5)
  A formicid (shapeshifter) (D:13)
  28 ravens
  2 sharks (Lair:4)
  4 basilisks
  7 spriggans
  3 shadows
  2 wraiths
  2 deep elf magi
  39 yaks
  4 vampire mosquitoes
  A hill giant zombie (D:14)
  3 hungry ghosts
  6 wyverns
  25 ugly things
  Grum (D:9)
  A steam dragon (D:8)
  37 nagas
  19 swamp worms
  A water moccasin (shapeshifter) (D:14)
  7 wolves
  A hill giant skeleton (D:8)
  Edmund (D:9)
  37 water moccasins
  9 soldier ants
  9 hippogriffs
  5 wargs (Orc:4)
  A warg (shapeshifter) (D:14)
  17 porcupines
  A necrophage (D:4)
  21 orc warriors
  17 swamp drakes
  5 ice beasts
  2 slaves (D:9)
  9 spiders (Lair:8)
  4 sky beasts
  13 yellow wasps
  7 phantoms
  12 ogres
  19 crocodiles
  5 centaurs
  11 giant slugs
  A brain worm (Lair:7)
  2 komodo dragon zombies (D:13)
  4 big kobolds (D:8)
  16 giant frogs
  2 gnoll sergeants (D:8)
  18 insubstantial wisps
  An eye of draining (D:14)
  9 wights
  24 killer bees
  3 scorpions
  A troll skeleton (D:11)
  A yak skeleton (D:11)
  A tengu skeleton (D:11)
  5 crimson imps
  A quasit (D:8)
  14 big fish
  7 electric eels
  26 orc priests
  4 goliath beetles
  A centaur zombie (D:5)
  20 hounds
  5 jellies
  A centaur skeleton (D:9)
  3 gnoll shamans
  A giant frog skeleton (D:12)
  8 iguanas
  A two-headed ogre skeleton (D:7)
  35 orc wizards
  26 worker ants
  20 sheep
  2 ogre zombies (D:8)
  An ogre skeleton (D:10)
  A hound zombie (D:6)
  A worker ant zombie (D:10)
  11 gnolls
  40 green rats
  An orc skeleton (D:10)
  31 adders
  3 shadow imps
  A giant mite (Lair:5)
  11 worms
  An iguana zombie (D:7)
  An adder skeleton (D:4)
  3 giant eyeballs
  9 giant geckos
  168 orcs
  23 bats
  6 giant cockroaches
  25 hobgoblins
  15 jackals
  29 kobolds
  16 quokkas
  2 ball pythons
  A giant gecko zombie (D:9)
  3 giant newts
  A giant spore (D:15)
  23 goblins
  6 orc zombies
  30 rats
  17 ballistomycetes
  4 fungi
  2 plants (Lair:7)
1550 creatures vanquished.

Vanquished Creatures (collateral kills)
  A wolf spider (Lair:8)
  A black mamba (Lair:8)
  3 spiny frogs (Lair:8)
5 creatures vanquished.

Vanquished Creatures (others)
  A queen bee (Lair:7)
  2 basilisks
  A raven (Swamp:5)
  An air elemental (D:15)
  A naga (Snake:3)
  23 killer bees (Lair:7)
  An orc (Orc:1)
  2 giant spores
  A kobold (D:9)
  A rat (D:9)
  8 fungi
  10 plants
52 creatures vanquished.

Grand Total: 1607 creatures vanquished

Notes
Turn   | Place    | Note
--------------------------------------------------------------
     0 | D:1      | MrRokkomies, the Gargoyle Earth Elementalist, began the quest for the Orb.
     0 | D:1      | Reached XP level 1. HP: 10/10 MP: 3/3
   283 | D:1      | Reached skill level 4 in Earth Magic
   431 | D:1      | Reached XP level 2. HP: 13/15 MP: 2/4
   834 | D:1      | Reached XP level 3. HP: 13/19 MP: 6/6
   934 | D:1      | Reached skill level 5 in Earth Magic
  1617 | D:2      | Reached XP level 4. HP: 21/24 MP: 5/7
  1903 | D:2      | Reached skill level 6 in Earth Magic
  2093 | D:3      | Learned a level 2 spell: Stoneskin
  2097 | D:3      | Learned a level 3 spell: Stone Arrow
  2467 | D:3      | Reached skill level 1 in Armour
  2470 | D:3      | Reached XP level 5. HP: 21/28 MP: 9/9
  2627 | D:3      | Noticed SkaryMonk's ghost (average DEFE)
  2884 | D:4      | Noticed a phantom
  2890 | D:4      | Got a warped spear
  2909 | D:4      | Killed a phantom
  2999 | D:4      | Reached skill level 7 in Earth Magic
  2999 | D:4      | Reached XP level 6. HP: 32/32 MP: 7/10
  3056 | D:4      | Learned a level 3 spell: Passwall
  3701 | D:4      | Reached XP level 7. HP: 28/36 MP: 12/12
  3821 | D:4      | Identified the cursed +2,+2 spear of the Red Skies {pierce, rF+} (You found it on level 4 of the Dungeon)
  3875 | D:5      | Entered Level 5 of the Dungeon
  3894 | D:4      | Reached skill level 5 in Armour
  3960 | D:5      | Reached skill level 8 in Earth Magic
  4433 | D:5      | Reached XP level 8. HP: 34/41 MP: 13/13
  4780 | D:5      | Got a faintly glowing flail
  4829 | D:5      | Identified the +5,+10 flail of Ebaqe {venom, MR+} (You found it on level 5 of the Dungeon)
  5030 | D:6      | Found a white marble altar of Elyvilon.
  5034 | D:6      | Found a sparkling altar of Nemelex Xobeh.
  5035 | D:6      | Found a blossoming altar of Fedhas.
  5040 | D:6      | Reached skill level 1 in Maces & Flails
  5464 | D:6      | Reached skill level 9 in Earth Magic
  5563 | D:6      | Found a staircase to the Ecumenical Temple.
  5570 | Temple   | Entered the Ecumenical Temple
  5602 | Temple   | Became a worshipper of Ashenzari the Shackled
  5617 | D:6      | Upgraded the game from 0.15-a0-271-g6095dc6 to 0.15-a0-288-gf1bfef0
  6334 | D:7      | Reached skill level 5 in Maces & Flails
  6334 | D:7      | Reached XP level 9. HP: 20/45 MP: 14/14
  8001 | D:8      | Reached skill level 10 in Earth Magic
  8477 | D:8      | Reached XP level 10. HP: 15/50 MP: 16/16
  9124 | D:8      | Reached skill level 10 in Maces & Flails
 10503 | D:9      | Found a white marble altar of Elyvilon.
 10663 | D:9      | Got the cursed robe of the Orb {Dex+5}
 10673 | D:9      | Identified the cursed +0 robe of the Orb {Dex+5} (You found it on level 9 of the Dungeon)
 10744 | D:9      | Noticed Pikel
 10763 | D:9      | Killed Pikel
 10763 | D:9      | Reached skill level 5 in Dodging
 10858 | D:9      | Reached skill level 11 in Maces & Flails
 11453 | D:9      | Noticed Edmund
 11464 | D:9      | Killed Edmund
 11550 | D:9      | Noticed Grum
 11580 | D:9      | Reached XP level 11. HP: 35/54 MP: 17/17
 11584 | D:9      | Killed Grum
 11765 | D:10     | Entered Level 10 of the Dungeon
 11800 | D:10     | Found a staircase to the Lair.
 11810 | Lair:1   | Entered Level 1 of the Lair of Beasts
 11832 | Lair:1   | Learned a level 5 spell: Lee's Rapid Deconstruction
 11847 | Lair:1   | Noticed Nergalle
 11929 | Lair:1   | Killed Nergalle
 12234 | Lair:1   | Noticed an eight-headed hydra
 12239 | Lair:1   | Killed an eight-headed hydra
 12266 | Lair:1   | Reached skill level 12 in Maces & Flails
 14012 | Lair:2   | Noticed a four-headed hydra
 14032 | Lair:2   | Killed a four-headed hydra
 14355 | Lair:2   | Reached skill level 13 in Maces & Flails
 14355 | Lair:2   | Reached XP level 12. HP: 46/59 MP: 12/18
 14498 | Lair:2   | Identified the cursed -1 ring mail of the Vaults {rN+}
 15258 | Lair:3   | Found a staircase to the Snake Pit.
 16820 | D:10     | Noticed a hill giant
 16841 | D:10     | Killed a hill giant
 16992 | D:11     | Found a staircase to the Orcish Mines.
 16994 | D:11     | Noticed Fannar
 17040 | D:11     | Noticed Maurice
 17048 | D:11     | Reached skill level 10 in Dodging
 17057 | D:11     | Killed Maurice
 17109 | D:11     | Reached skill level 14 in Maces & Flails
 17206 | D:11     | Noticed Psyche
 17217 | D:11     | Killed Psyche
 17724 | D:11     | Killed Fannar
 17948 | D:11     | Found Stossoywn's Armour Shop.
 18223 | D:11     | Reached XP level 13. HP: 50/64 MP: 24/24
 18250 | D:11     | Reached skill level 5 in Spellcasting
 18282 | D:11     | Learned a level 2 spell: Blink
 18285 | D:11     | Learned a level 2 spell: Shroud of Golubria
 18287 | D:11     | Learned a level 1 spell: Summon Butterflies
 18358 | D:11     | Reached skill level 1 in Fighting
 18470 | D:11     | Found a white marble altar of Elyvilon.
 18471 | D:11     | Paralysed by a giant eyeball for 3 turns
 18943 | D:11     | Acquired Ashenzari's first power
 19957 | D:12     | Reached skill level 5 in Fighting
 20594 | D:12     | Paralysed by a giant eyeball for 3 turns
 20650 | Lair:1   | Learned a level 4 spell: Petrify
 20661 | Lair:1   | Upgraded the game from 0.15-a0-288-gf1bfef0 to 0.15-a0-306-g5a3139e
 20768 | Lair:4   | Identified the +3 buckler of Claustrophobia {Str-5 Acc-4}
 20783 | Lair:4   | Found a staircase to the Swamp.
 21210 | Lair:4   | Noticed Snorg
 21228 | Lair:4   | Killed Snorg
 21573 | Lair:4   | Identified a scroll of acquirement
 21573 | Lair:4   | Identified the cursed -2 ring mail of Smybisegosm {+Fly rElec rF+ Int+4 Dam-1} (You acquired it on level 4 of the Lair of Beasts)
 22793 | Lair:5   | Gained mutation: Your wings are large and strong. [gargoyle growth]
 22793 | Lair:5   | Reached XP level 14. HP: 65/86 MP: 28/29
 23019 | Lair:5   | Learned a level 6 spell: Deflect Missiles
 23308 | Lair:5   | Acquired Ashenzari's second power
 23315 | Lair:5   | Reached skill level 1 in Charms
 23472 | Lair:6   | Noticed Harold
 23485 | Lair:6   | Killed Harold
 23565 | Lair:6   | Reached skill level 10 in Fighting
 23820 | Lair:5   | Reached skill level 1 in Conjurations
 25294 | Lair:7   | Reached skill level 5 in Charms
 25573 | Lair:7   | Reached skill level 5 in Conjurations
 28511 | Lair:8   | Entered Level 8 of the Lair of Beasts
 28585 | Lair:8   | Reached XP level 15. HP: 85/92 MP: 31/31
 28955 | Lair:8   | Found a staircase to the Slime Pits.
 28955 | Lair:8   | Noticed an acid blob
 28955 | Lair:8   | Noticed an acid blob
 30916 | Orc:1    | Entered Level 1 of the Orcish Mines
 31099 | Orc:1    | Acquired Ashenzari's third power
 31187 | Orc:1    | Noticed Joseph
 31199 | Orc:1    | Killed Joseph
 31199 | Orc:1    | Reached skill level 10 in Conjurations
 31614 | Orc:2    | Noticed Sonja
 31625 | Orc:2    | Killed Sonja
 31729 | Orc:3    | Found a staircase to the Elven Halls.
 31904 | Orc:3    | Noticed Erolcha
 31916 | Orc:3    | Killed Erolcha
 31986 | Orc:3    | Noticed Urug
 32005 | Orc:3    | Killed Urug
 32385 | Orc:4    | Entered Level 4 of the Orcish Mines
 32915 | Orc:4    | Acquired Ashenzari's fourth power
 32917 | Orc:4    | Found a roughly hewn altar of Beogh.
 34567 | Orc:4    | Found Axeahad's Distillery.
 34578 | Orc:4    | Found Shran Sia's Distillery.
 34578 | Orc:4    | Found Heoror's Magic Scroll Shop.
 34579 | Orc:4    | Found Smowa's Food Emporium.
 34597 | Orc:4    | Bought a scroll of enchant armour for 120 gold pieces
 34611 | Orc:4    | Bought a potion of heal wounds for 36 gold pieces
 34612 | Orc:4    | Bought a potion of haste for 84 gold pieces
 34615 | Orc:4    | Bought a potion of haste for 105 gold pieces
 34615 | Orc:4    | Bought a potion of haste for 105 gold pieces
 34615 | Orc:4    | Bought a potion of confusion for 15 gold pieces
 34627 | Orc:4    | Bought 3 scrolls of recharging for 456 gold pieces
 34627 | Orc:4    | Bought a scroll of enchant weapon II for 88 gold pieces
 35153 | D:13     | Found Kabuug's General Store.
 35267 | D:13     | Reached XP level 16. HP: 83/97 MP: 28/31
 35728 | D:14     | Found a labyrinth entrance.
 35744 | Lab      | Entered a labyrinth
 37212 | D:14     | Found an ancient bone altar of Kikubaaqudgha.
 37520 | D:14     | Found a gate to the Vaults.
 37883 | D:15     | Entered Level 15 of the Dungeon
 38088 | D:15     | Found a staircase to the Depths.
 38194 | D:15     | Reached skill level 15 in Earth Magic
 38669 | Lair:1   | Upgraded the game from 0.15-a0-306-g5a3139e to 0.15-a0-335-g04a2ae6
 38772 | Swamp:1  | Entered Level 1 of the Swamp
 40991 | Swamp:3  | Reached skill level 16 in Earth Magic
 42205 | Swamp:3  | Reached skill level 10 in Charms
 42565 | Swamp:4  | Reached skill level 1 in Shields
 42751 | Swamp:4  | Noticed a thorn hunter
 42775 | Swamp:4  | Killed a thorn hunter
 42775 | Swamp:4  | Reached skill level 1 in Air Magic
 42882 | Swamp:4  | Noticed Donald
 42911 | Swamp:4  | Killed Donald
 43296 | Swamp:4  | Reached XP level 17. HP: 71/102 MP: 32/32
 44454 | Swamp:5  | Entered Level 5 of the Swamp
 44800 | Swamp:5  | Noticed Norris
 44823 | Swamp:5  | Killed Norris
 46056 | Swamp:5  | Got a decaying rune of Zot
 46740 | Swamp:5  | Noticed Louise
 46761 | Swamp:5  | Killed Louise
 47653 | Snake:1  | Entered Level 1 of the Snake Pit
 47697 | Snake:1  | Noticed Asterion
 48346 | Snake:2  | Found Hidaet's Weapon Shop.
 48860 | Snake:2  | Reached XP level 18. HP: 107/107 MP: 32/32
 53125 | Lair:1   | Upgraded the game from 0.15-a0-335-g04a2ae6 to 0.15-a0-348-gfef1ba5
 54005 | D:15     | Found a deep blue altar of Sif Muna.
 54223 | Depths:1 | Entered Level 1 of the Depths
 54227 | Depths:1 | Paralysed by a giant eyeball for 4 turns
 54241 | Depths:1 | Noticed Sojobo
 54594 | Snake:5  | Entered Level 5 of the Snake Pit
 55137 | Snake:5  | Reached skill level 15 in Dodging
 55239 | Snake:5  | Reached XP level 19. HP: 112/112 MP: 27/33
 56000 | Snake:5  | Learned a level 6 spell: Haste
 56139 | Snake:5  | HP: 5/112 [lindwurm/blast of flame (13)]
 56139 | Snake:5  | Slain by a greater naga

Action                   |  1- 3 |  4- 6 |  7- 9 | 10-12 | 13-15 | 16-18 | 19-21 || total
-------------------------+-------+-------+-------+-------+-------+-------+-------++-------
Melee: Unarmed           |    11 |       |       |       |       |       |       ||    11
       Short sword       |    69 |       |       |       |       |       |       ||    69
       Whip              |    38 |   167 |   149 |       |       |       |       ||   354
       Mace              |    24 |       |       |       |       |       |       ||    24
       Flail             |       |     9 |   277 |   859 |  2022 |   785 |       ||  3952
       Eveningstar       |       |       |       |       |       |  1268 |    80 ||  1348
 Fire: Blowgun           |       |       |       |    10 |       |       |       ||    10
Throw: Javelin           |       |     2 |       |       |       |       |       ||     2
       Stone             |       |       |       |       |     4 |       |       ||     4
 Cast: Sandblast         |    13 |     8 |    22 |    21 |     1 |       |       ||    65
       Stone Arrow       |       |       |     4 |    30 |    37 |   221 |    16 ||   308
       Lee's Rapid Decon |       |       |       |    14 |    83 |    54 |    16 ||   167
       Stoneskin         |       |       |       |    11 |    11 |    10 |       ||    32
       Petrify           |       |       |       |       |    10 |     4 |     4 ||    18
       Passwall          |       |       |       |       |     1 |     3 |     1 ||     5
       Blink             |       |       |       |       |     8 |     1 |       ||     9
       Shroud of Golubri |       |       |       |       |     4 |     3 |       ||     7
Invok: Scrying           |       |       |       |       |       |     2 |     1 ||     3
 Abil: Fly               |       |       |       |       |     1 |     5 |       ||     6
       Evoke Teleport Co |       |       |       |       |       |     1 |     1 ||     2
Evoke: Wand              |       |       |     3 |     3 |    14 |    20 |     2 ||    42
       Fan of gales      |       |       |       |       |       |     1 |       ||     1
  Use: Scroll            |     2 |    10 |     7 |    14 |    25 |    23 |     3 ||    84
       Potion            |       |     1 |     3 |     5 |     4 |     4 |       ||    17
 Stab: Sleeping          |     1 |     2 |     3 |     9 |    15 |    18 |       ||    48
       Distracted        |       |       |       |     1 |     6 |     1 |       ||     8
       Paralysed         |       |       |       |     1 |       |       |       ||     1
       Fleeing           |       |       |       |       |     1 |       |       ||     1
